Map: Lerilak Crest

Players

Lowko

  • Race: Zerg Zerg

Wintersc2 (Winter) - Winner!

  • Race: Protoss Protoss

VOD

https://www.youtube.com/watch?v=WPquBkXANWQ

Description

Time

  • Played on: April 8, 2015, 1:16 p.m.
  • Length: 17:29
Show
View Real Time Build Order
Export as new Build Order

Lowko Zerg 

Build Orders: Pool First 

Get SALT Encoding   

  12  0:01  Drone  
  13  0:12  Overlord  
  13  0:20  Drone  
  14  0:30  Drone x2  
  14  0:34  Drone  
  17  0:45  Drone  
  17  0:49  Spawning Pool  
  17  0:56  Drone  
  18  1:07  Drone  
  19  1:16  Hatchery  
  18  1:22  Overlord  
  18  1:35  Queen  
  18  1:36  Zergling x2  
  18  1:39  Drone  
  22  1:49  Drone  
  22  1:53  Extractor  
  22  2:01  Drone  
  23  2:10  Drone  
  24  2:17  Queen  
  26  2:29  Drone x2  
  28  2:30  Queen  
  28  2:35  Overlord  
  30  2:39  Drone  
  31  2:45  Drone  
  31  2:46  Drone x3  
  34  2:54  Metabolic Boost  
  34  2:56  Zergling x2  
  34  2:58  Zergling x2  
  36  3:02  Drone  
  36  3:03  Extractor  
  36  3:10  Drone  
  36  3:11  Drone  
  38  3:18  Overlord x2, Drone  
  38  3:19  Drone x2  
  41  3:29  Drone  
  41  3:30  Drone x2  
  41  3:31  Roach Warren  
  41  3:32  Drone  
  41  3:33  Overlord  
  44  3:40  Drone x2  
  46  3:48  Drone x5  
  50  4:12  Roach  
  50  4:13  Roach x6  
  64  4:19  Roach x2  
  64  4:21  Overlord x3  
  68  4:34  Overlord  
  68  4:39  Zergling x12  
  68  4:41  Ravager  
  68  4:42  Ravager x2  
  77  4:51  Zergling x2  
  77  4:52  Zergling x2  
  79  4:54  Hatchery  
  79  4:55  Ravager  
  79  4:56  Zergling x2  
  79  4:57  Zergling x8  
  84  5:03  Ravager  
  84  5:04  Zergling x8  
  84  5:05  Zergling x2  
  90  5:12  Overlord  
  87  5:21  Zergling x2  
  87  5:22  Zergling x2  
  87  5:23  Burrow  
  87  5:27  Drone x4  
  91  5:29  Extractor  
  91  5:30  Extractor  
  91  5:34  Drone x2  
  88  5:39  Evolution Chamber x2  
  84  5:43  Drone  
  84  5:44  Drone x4  
  89  5:57  Zergling x6  
  82  6:13  Drone x7  
  83  6:21  Zerg Missile Weapons Level 1, Zerg Ground Armor Level 1  
  83  6:23  Lair, Zergling x2  
  83  6:24  Zergling x10  
  85  6:30  Queen  
  85  6:31  Spore Crawler  
  86  6:34  Spore Crawler  
  86  6:35  Spore Crawler  
  86  6:37  Spore Crawler  
  86  6:38  Drone x4  
  87  6:48  Drone x2  
  87  6:51  Spore Crawler  
  88  6:56  Drone x7  
  88  6:59  Extractor x2  
  88  7:01  Overlord  
  93  7:24  Hydralisk Den  
  93  7:26  Infestation Pit  
  90  7:32  Overlord  
  90  7:46  Hatchery  
  89  7:52  Overlord  
  89  7:54  Hydralisk x7, Muscular Augments  
  89  7:55  Hydralisk x3  
  89  7:58  Hydralisk  
  111  8:07  Hydralisk  
  111  8:10  Overlord x3  
  113  8:16  Hive  
  113  8:18  Ravager x4  
  117  8:28  Hydralisk x3  
  121  8:42  Hydralisk x5  
  121  8:45  Extractor  
  129  8:48  Extractor  
  129  8:52  Hydralisk x3  
  132  9:04  Hydralisk x5  
  140  9:21  Zerg Ground Armor Level 2, Zerg Missile Weapons Level 2  
  140  9:27  Drone x7  
  121  10:08  Viper x4  
  121  10:13  Zergling x4  
  121  10:14  Zergling x28  
  146  10:21  Evolution Chamber  
  146  10:22  Viper  
  146  10:23  Viper  
  146  10:24  Evolution Chamber x2  
  149  10:32  Overseer  
  149  10:33  Overseer  
  149  10:34  Pneumatized Carapace  
  149  10:36  Overseer x2  
  149  10:38  Overlord x2, Zergling x2  
  149  10:39  Overlord  
  150  10:53  Hatchery  
  150  10:56  Lurker Den  
  149  11:01  Spore Crawler  
  148  11:22  Hydralisk x12  
  148  11:23  Hydralisk  
  174  11:44  Zerg Ground Armor Level 3, Zerg Missile Weapons Level 3  
  171  12:01  Hydralisk  
  171  12:02  Hydralisk x2  
  161  12:17  Hydralisk  
  161  12:18  Hydralisk x8  
  162  12:35  Hydralisk x5  
  153  12:40  Viper  
  140  12:54  Hydralisk x4  
  146  12:59  Viper  
  147  13:17  Hydralisk  
  147  13:18  Hydralisk x4  
  149  13:32  Hydralisk  
  149  13:33  Hydralisk x3  
  131  13:44  Hydralisk x3  
  122  14:02  Evolution Chamber  
  121  14:05  Hydralisk  
  121  14:06  Hydralisk x4  
  131  14:21  Hydralisk  
  131  14:22  Hydralisk x3  
  139  14:29  Drone x3  
  142  14:40  Overseer x4  
  142  14:45  Hydralisk x3  
  144  14:49  Viper  
  144  14:51  Viper  
  154  14:58  Hydralisk  
  156  15:00  Evolution Chamber  
  156  15:01  Evolution Chamber  
  154  15:13  Hydralisk x2  
  158  15:19  Overlord  
  158  15:20  Overlord x3  
  158  15:30  Overlord x3  
  158  15:31  Overlord  
  158  15:33  Extractor  
  158  15:34  Extractor  
  156  15:41  Hydralisk x6  
  137  16:07  Hydralisk  
  137  16:08  Hydralisk x9  
  101  16:28  Viper x3  
  110  16:38  Hydralisk x6  
  110  16:39  Hydralisk  
  123  16:48  Hydralisk  
  123  16:49  Hydralisk  
Show
View Real Time Build Order
Export as new Build Order

Wintersc2 Protoss - Winner!

Build Orders: Oracle Opening 

Get SALT Encoding   

  12  0:01  Probe  
  13  0:14  Pylon  
  13  0:18  Probe  
  14  0:32  Probe (Chrono Boost)  
  15  0:40  Gateway  
  16  0:43  Probe (Chrono Boost)  
  17  0:50  Probe (Chrono Boost), Assimilator  
  17  1:01  Probe  
  18  1:11  Pylon  
  18  1:13  Probe (Chrono Boost)  
  19  1:23  Probe (Chrono Boost)  
  20  1:32  Probe (Chrono Boost)  
  21  1:33  Cybernetics Core  
  21  1:44  Probe (Chrono Boost)  
  22  1:50  Probe (Chrono Boost)  
  23  1:57  Nexus  
  23  2:13  Pylon  
  23  2:15  Adept  
  25  2:17  Mothership Core (Chrono Boost)  
  25  2:19  Assimilator  
  26  2:27  Warp Gate  
  26  2:31  Probe  
  26  2:32  Forge  
  27  2:43  Probe  
  28  2:55  Probe  
  29  3:07  Probe  
  29  3:11  Stargate  
  30  3:19  Gateway, Photon Cannon  
  32  3:20  Probe (Chrono Boost)  
  32  3:22  Probe (Chrono Boost)  
  32  3:30  Probe (Chrono Boost)  
  32  3:32  Probe (Chrono Boost)  
  34  3:39  Probe (Chrono Boost)  
  34  3:40  Probe (Chrono Boost)  
  36  3:47  Probe  
  37  3:49  Probe, Stargate  
  38  3:59  Probe  
  38  4:02  Probe  
  38  4:11  Probe, Oracle (Chrono Boost)  
  38  4:14  Probe  
  43  4:18  Assimilator  
  43  4:24  Probe  
  44  4:25  Pylon  
  44  4:26  Probe  
  45  4:32  Oracle (Chrono Boost)  
  45  4:36  Probe  
  45  4:38  Probe  
  50  4:46  Pylon  
  50  4:48  Probe  
  50  4:50  Probe  
  52  4:53  Sentry  
  52  4:55  Assimilator  
  52  4:59  Photon Cannon  
  54  5:00  Probe  
  54  5:02  Probe  
  54  5:05  Photon Cannon  
  56  5:11  Photon Cannon  
  56  5:12  Probe  
  57  5:14  Probe  
  62  5:23  Void Ray (Chrono Boost)  
  62  5:24  Probe  
  62  5:26  Probe, Photon Cannon  
  64  5:35  Sentry x2  
  68  5:48  Pylon  
  68  5:50  Pylon  
  68  5:56  Pylon  
  68  6:08  Probe x2  
  68  6:12  Phoenix (Chrono Boost)  
  68  6:14  Void Ray (Chrono Boost)  
  70  6:20  Probe x2  
  70  6:21  Pylon  
  70  6:23  Pylon  
  72  6:27  Pylon  
  72  6:29  Pylon  
  72  6:30  Pylon  
  72  6:32  Probe x2  
  76  6:33  Phoenix (Chrono Boost)  
  76  6:41  Sentry  
  76  6:42  Gateway  
  76  6:45  Probe  
  79  6:47  Probe  
  79  6:48  Fleet Beacon  
  79  6:50  Phoenix (Chrono Boost)  
  79  6:54  Phoenix (Chrono Boost)  
  84  7:09  Nexus  
  86  7:17  Phoenix (Chrono Boost)  
  86  7:19  Phoenix (Chrono Boost)  
  88  7:27  Probe, Protoss Air Weapons Level 1  
  88  7:29  Carrier (Chrono Boost)  
  91  7:42  Probe x2  
  97  7:45  Assimilator  
  97  7:48  Assimilator  
  97  7:51  Carrier (Chrono Boost)  
  97  7:53  Photon Cannon  
  97  7:54  Probe  
  97  7:55  Probe  
  99  8:06  Probe  
  99  8:08  Probe  
  107  8:13  Pylon  
  107  8:18  Graviton Catapult  
  107  8:19  Probe  
  108  8:20  Probe  
  108  8:23  Probe  
  110  8:31  Probe  
  110  8:33  Probe  
  112  8:35  Probe  
  113  8:50  Void Ray (Chrono Boost)  
  113  8:52  Probe  
  118  9:04  Carrier (Chrono Boost)  
  118  9:11  Carrier (Chrono Boost)  
  116  9:18  Probe  
  116  9:22  Protoss Air Weapons Level 2 (Chrono Boost)  
  116  9:23  Photon Cannon  
  123  9:26  Photon Cannon  
  123  9:27  Photon Cannon  
  123  9:28  Photon Cannon  
  123  9:30  Pylon  
  129  9:34  Pylon  
  129  9:36  Pylon  
  127  9:50  Carrier (Chrono Boost)  
  125  10:12  Probe  
  126  10:17  Stargate  
  132  10:29  Pylon  
  132  10:30  Photon Cannon  
  132  10:33  Photon Cannon  
  132  10:40  Probe  
  133  10:46  Carrier (Chrono Boost)  
  133  10:47  Carrier (Chrono Boost)  
  133  10:49  Carrier (Chrono Boost)  
  157  11:20  Nexus  
  157  11:22  Pylon  
  157  11:24  Pylon  
  157  11:28  Pylon  
  157  11:32  Pylon  
  157  11:35  Pylon  
  157  11:41  Photon Cannon  
  157  11:42  Photon Cannon  
  157  11:44  Photon Cannon  
  157  11:46  Photon Cannon  
  157  11:47  Photon Cannon  
  157  11:48  Protoss Air Weapons Level 3  
  157  11:49  Photon Cannon  
  157  11:51  Stargate x2, Photon Cannon  
  155  12:05  Carrier (Chrono Boost)  
  102  13:03  Probe  
  103  13:33  Assimilator  
  103  13:34  Carrier (Chrono Boost)  
  103  13:37  Carrier (Chrono Boost)  
  103  13:54  Carrier (Chrono Boost)  
  115  14:09  Oracle (Chrono Boost)  
  124  14:11  Oracle (Chrono Boost)  
  127  14:22  Carrier (Chrono Boost)  
  127  14:30  Gateway  
  127  14:31  Protoss Air Armor Level 1 (Chrono Boost)  
  127  14:32  Forge  
  133  14:40  Carrier (Chrono Boost)  
  133  14:49  Carrier (Chrono Boost)  
  139  14:58  Pylon  
  145  15:10  Oracle (Chrono Boost)  
  148  15:28  Carrier (Chrono Boost)  
  148  15:40  Nexus  
  148  15:41  Pylon  
  148  15:42  Pylon  
  148  15:43  Assimilator  
  148  15:45  Pylon  
Tags
 
Add a new tag
Caveats
  • Supply blocks, unpowered buildings, or Contaminate may cause inaccurate times.
  • Supply counts are checked every 10 seconds.